[Event "BL 2024-25"]
[Site "Austria"]
[Date "2024.10.13"]
[Round "5.25"]
[White "Dragnev, Valentin"]
[Black "Costa, Leonardo"]
[Result "0-1"]
[Annotator "TA"]
[ECO "D00"]
[WhiteElo "2562"]
[BlackElo "2472"]
[PlyCount "81"]
[EventDate "2024.08.28"]
[EventType "team-tourn"]
[EventCountry "AUT"]
[SourceTitle "playchess.com"]
[Source "ChessBase"]
[SourceQuality "1"]
[WhiteTeam "Ottakring"]
[BlackTeam "Maria Saal"]
[TimeControl "40/5400+30:1800+30"]

1. d4 Nf6 2. Bg5 d5 3. e3 c5 4. Bxf6 gxf6 5. dxc5 e6 6. Nf3 {[%emt 0:00:13] D00: 1 d4 d5: Unusual lines.} Bxc5 7. Be2 Nc6 8. O-O f5 9. Nbd2 Qf6 10. c4 dxc4 11. Nxc4 O-O 12. Qb3 $146 ({Predecessor:} 12. Rc1 Rd8 13. Qa4 a6 14. Nce5 Nxe5 15. Rxc5 Bd7 16. Qb4 Nxf3+ 17. Bxf3 Rab8 18. Rfc1 {1-0 Praggnanandhaa,R (2747)-Naroditsky,D (2619) Bullet Chess Winners blitz 2024 (1.10)}) 12... e5 13. Qc3 Bb4 14. Qb3 Bc5 15. Rac1 e4 16. Nfd2 Rb8 17. Nb1 Be6 18. Nc3 Nb4 19. Nb5 Be7 20. a3 Nc6 21. Qc2 Rfc8 22. Qd2 $2 {[%emt 0:01:16] [#]} (22. Qb1 $17) 22... a6 $1 $19 23. Nd4 Rd8 24. b4 Nxd4 25. exd4 Rxd4 26. Qc3 $2 (26. Qf4 Rbd8 27. h4) 26... Rc8 $19 27. Qg3+ Kh8 28. Na5 Rg8 29. Qc7 (29. Qc3 $142 Qg5 30. g3 (30. Qxd4+ $2 Bf6 $19)) 29... Bd6 $19 30. Qb6 f4 31. Rfd1 Be5 (31... Rxg2+ $142 32. Kxg2 f3+ 33. Kh1 fxe2 34. Qxd4 e1=Q+ (34... exd1=R+ $2 35. Rxd1 Be5 36. Qxe4 $18) 35. Rxe1 Qxd4) 32. Bf1 f3 33. g3 e3 34. Bc4 exf2+ 35. Kxf2 Qh6 36. Rxd4 Qxh2+ 37. Ke3 Qh6+ (37... Bxd4+ 38. Qxd4+ f6 39. Qxf6+ (39. Bxe6 Qe2+ 40. Kf4 Qxe6 $18) 39... Rg7 40. Bxe6 (40. Qxe6 Qxg3 41. Qe8+ Rg8 42. Qxg8+ Qxg8 43. Bxg8 Kxg8 44. Rc7 h5 45. Nxb7 h4) 40... Qe2+ 41. Kf4 Qd2+ 42. Kf5 (42. Kxf3 Qd3+ 43. Kf4 Qd2+ 44. Ke5 Qe3+ 45. Kd6 Qd3+ 46. Bd5 Qxg3+ 47. Qe5 Qg6+ 48. Be6 Qd3+ 49. Kc5 Qd8 $18) 42... Qd3+ 43. Ke5 (43. Kf4 Qd2+ 44. Ke5 Qg5+ 45. Ke4 Qg6+ 46. Ke3 Qg5+ 47. Kd3 Qg6+ 48. Kd2 Qg5+ 49. Kd1 h5)) (37... Bxc4 $142 38. Rd2 Bf4+ (38... Qxg3 $2 39. Nxc4 Qf4+ 40. Kd3 $19) (38... Be2 $2 39. Rd8 $19) 39. Ke4 Re8+ (39... Qxd2 40. Qf6+ Rg7 41. Nxc4 $11) 40. Kf5 Bxd2 (40... Qxd2 $2 41. Qf6+ Kg8 42. Rxc4 $19) 41. Qd4+ f6 (41... Kg8 42. Qg4+ Kf8 43. Nxc4 Qe2 44. Qg8+ Kxg8 45. Nxd2 f2 46. Kg5 Qxd2+ 47. Kh5 Re5+ 48. Kh4 Qh6+ 49. Kg4 Qh5+ 50. Kf4 Qf5#) 42. Qxf6+ Kg8 43. Qh4 Rf8+ 44. Ke5 Qe2+ 45. Qe4 Re8+ (45... Bxc1 46. Qxe2 fxe2 47. Kd6 e1=Q 48. Nxc4 Qe4 49. Ne5 Bb2 50. Ke7 Qxe5+ 51. Kd7 Rf7+ 52. Kd8 Qb8#) 46. Kd6 Qxe4 (46... Rxe4 47. Rc3 Bxc3 48. Nc6 bxc6 49. a4 Bxb4+ 50. Kd7 Re7+ 51. Kd8 Qe6 52. g4 Qd7#) 47. Re1 Bxe1 48. Kc7 Qe7+ 49. Kb6 Bf2#) 38. Rf4 Rxg3 ({Not} 38... Bxf4+ 39. gxf4 Re8 40. Qd4+ (40. Nxb7 {leads to mate.} Bxc4+ 41. Kd4 Qxb6+ 42. Nc5 Qf6+ 43. Kxc4 Qxf4+ 44. Kd3 f2 45. Rf1 Rd8+) 40... Kg8 41. Rg1+ (41. Kxf3 Qh3+ 42. Kf2 Qh2+ 43. Kf3 Qh5+ 44. Kf2 Qh4+ 45. Kg1 Qg3+ 46. Kh1 Qh4+ 47. Kg1 Qg3+ 48. Kh1 Qf3+ 49. Kh2 Qh3+ 50. Kg1 Bxc4 $11) 41... Bg4+ 42. Kd3 $18) 39. Qd8+ Kg7 40. Qh4 Bxf4+ (40... Qxf4+ 41. Qxf4 Bxf4+ 42. Kxf4 $18) 41. Qxf4 0-1

[Event "BL 2024-25"]
[Site "Austria"]
[Date "2024.10.13"]
[Round "5.26"]
[White "Naumann, Alexander"]
[Black "Papp, Gabor"]
[Result "1/2-1/2"]
[Annotator "TA"]
[ECO "E06"]
[WhiteElo "2487"]
[BlackElo "2508"]
[PlyCount "80"]
[EventDate "2024.08.28"]
[EventType "team-tourn"]
[EventCountry "AUT"]
[SourceTitle "playchess.com"]
[Source "ChessBase"]
[SourceQuality "1"]
[WhiteTeam "Maria Saal"]
[BlackTeam "Ottakring"]
[TimeControl "40/5400+30:1800+30"]

1. c4 Nf6 2. Nf3 e6 3. g3 d5 4. Bg2 Be7 5. O-O O-O 6. d4 a5 7. Qc2 Nc6 8. Bg5 a4 9. Rd1 {[%emt 0:05:24] White is slightly better.} Ra6 10. a3 dxc4 11. Qxc4 Bd7 12. Nc3 Na5 13. Qd3 Nb3 14. Rab1 h6 15. Bxf6 Bxf6 16. Nd2 Nxd4 ({Black should play} 16... Rb6 $14) 17. Nde4 $1 $18 {[%emt 0:04:19] Threatens to win with Nxf6+.} (17. e3 Nf5 $11) 17... e5 18. e3 Bg4 19. exd4 {[%emt 0:00:28] Nxf6+ would now be deadly.} Bxd1 20. Rxd1 {[%emt 0:00:35][%cal Oc3d5] Nd5! is the strong threat.} exd4 21. Nxf6+ Rxf6 22. Qxd4 (22. Bxb7 $6 Qb8 23. Nd5 (23. Nxa4 $2 Qxb7 24. b4 Re8 $19) 23... Qxb7 $16) (22. Nxa4 $6 b6 23. b4 (23. Qxd4 Rd6 $15) 23... Re8) 22... Qxd4 23. Rxd4 Re8 24. Bxb7 Rb6 25. Bd5 {[%emt 0:00:47] Strongly threatening Rf4.} Rxb2 26. Rf4 (26. Rxa4 Rc2 27. Ne4 Re5 $16) 26... Re7 27. Nxa4 {[%emt 0:01:25] White is more active.} Rb1+ 28. Kg2 Ra1 {[%emt 0:00:04] [#]} 29. Rf3 $1 g6 30. Rc3 ({White should try} 30. Nb2 $18) 30... Kg7 (30... Re5 $16) 31. Nc5 Re5 32. Bf3 Ree1 {[%emt 0:01:00] [#]} 33. Nd3 $1 Re6 (33... Rg1+ {might work better.} 34. Kh3 c5) 34. Rxc7 {[%emt 0:05:53] Black must now prevent Bd5.} Rxa3 35. Bd5 Rf6 36. Ne5 Ra5 37. Rd7 (37. Rxf7+ Rxf7 38. Bxf7 Rxe5 $15) 37... h5 (37... Kf8 $142 38. h4 (38. Nxf7 Rxd5 39. Rxd5 Rxf7 $11) 38... Rf5) 38. f4 (38. Nxf7 Rxd5 39. Rxd5 Rxf7 $11) 38... g5 39. Bxf7 (39. Nxf7 $142 gxf4 40. Ng5+ Kh6 41. h4 fxg3 42. Rh7+ (42. Kxg3 Ra3+ 43. Kg2 Re3 $18) 42... Kg6 43. Be4+ Raf5 44. Re7 (44. Bxf5+ Kxf5 45. Kxg3 Kg6 $18) (44. Kxg3 Ra6 $18)) 39... gxf4 40. Bxh5+ Kf8 {[%emt 0:00:51] Weighted Error Value: White=0.19 (very precise) /Black=0.27 (precise) .  Mistake:       	White=2     	Black=4      Inaccurate:     	White=1     	Black=1      OK:         	White=15    	Black=7      Best:        	White=2     	Black=8      Strong:       	White=3     	---} 1/2-1/2

[Event "BL 2024-25"]
[Site "Austria"]
[Date "2024.10.13"]
[Round "5.27"]
[White "Peyrer, Konstantin"]
[Black "Halvax, Georg"]
[Result "1/2-1/2"]
[Annotator "TA"]
[ECO "A13"]
[WhiteElo "2415"]
[BlackElo "2443"]
[PlyCount "61"]
[EventDate "2024.08.28"]
[EventType "team-tourn"]
[EventCountry "AUT"]
[SourceTitle "playchess.com"]
[Source "ChessBase"]
[SourceQuality "1"]
[WhiteTeam "Ottakring"]
[BlackTeam "Maria Saal"]
[TimeControl "40/5400+30:1800+30"]

1. c4 e6 2. g3 d5 3. Bg2 Nf6 4. Nf3 dxc4 5. Qa4+ Nbd7 6. Qxc4 c5 7. d3 Bd6 8. a4 Rb8 9. Nc3 a6 {Prevents Nb5. White is slightly better.} 10. a5 O-O 11. O-O h6 12. Rd1 Qe7 13. Na4 e5 14. Nd2 {[%cal Bf3d2,Bd2b3,Bb3a5,Ba5c4][%mdl 32] White is much more active. The black rooks are passive.} (14. Nh4 {feels hotter.} Qd8 15. Nf5 b5 16. Qh4) 14... Rd8 15. Nb3 b5 16. axb6 Nxb6 17. Nxb6 Rxb6 18. Na5 Bd7 {Against Nc6} 19. Qc2 Bb5 20. Nc4 Rbb8 21. Nxd6 Qxd6 22. Be3 Rbc8 23. Rac1 Nd7 24. Qc3 Qe6 25. Qa5 Rf8 26. Rc3 {White is better.} f5 27. Rdc1 e4 28. dxe4 fxe4 29. R3c2 ({Don't play} 29. Bxc5 Nxc5 30. Rxc5 Rxc5 31. Rxc5 Qf6 $11) 29... c4 30. Qa3 Nf6 31. Rd2 {Weighted Error Value: White=0.05 (flawless) /Black=0.09 (flawless) .  Inaccurate:     	White=1     	Black=2      OK:         	White=12    	Black=7      Best:        	White=2     	---} 1/2-1/2

[Event "BL 2024-25"]
[Site "Austria"]
[Date "2024.10.13"]
[Round "5.28"]
[White "Genser, Harald"]
[Black "Froewis, Georg"]
[Result "1-0"]
[Annotator "TA"]
[ECO "D02"]
[WhiteElo "2266"]
[BlackElo "2429"]
[PlyCount "93"]
[EventDate "2024.08.28"]
[EventType "team-tourn"]
[EventCountry "AUT"]
[SourceTitle "playchess.com"]
[Source "ChessBase"]
[SourceQuality "1"]
[WhiteTeam "Maria Saal"]
[BlackTeam "Ottakring"]
[TimeControl "40/5400+30:1800+30"]

1. d4 e6 2. Nf3 Nf6 3. Bf4 c5 4. e3 Nc6 5. c3 d5 6. Nbd2 cxd4 {[%emt 0:00:05] is de nieuwe trend.} 7. exd4 {[%emt 0:00:45] D02: 1 d4 d5 2 Pf3 Zijvarianten, inclusief 2...Pf6 3 g3 en 2...Pf6 3 Lf4.} Nh5 {[%emt 0:00:04] OK} 8. Be3 Bd6 {[%emt 0:00:04] [#] Tegen Ne5. OK} 9. Ne5 $1 {[%emt 0:03:39] OK. Wit staat iets beter.} g6 {[%emt 0:00:30] OK} 10. Nd3 f5 {[%emt 0:06:33] [#] Fout (1.3)} (10... O-O $11) 11. Bh6 $1 $16 {[%emt 0:10:04] Sterk} Bd7 $146 ({Predecessor:} 11... Qc7 12. Nf3 Bd7 13. Be2 Rg8 14. Bg5 Nf4 15. Qd2 Nxd3+ 16. Bxd3 Nd8 17. Qe2 Nf7 {1-0 Pham,T (2384)-Stearman,J (2476) Qatar Masters op 2023 (5)}) 12. g3 Qf6 {[%emt 0:12:29] Fout (0.8)} (12... Qc7 $16) 13. Nf3 Nd8 14. Nde5 {[%emt 0:05:02] OK} Nf7 {[%emt 0:00:39] OK} 15. Nxf7 Qxf7 16. Ne5 Bxe5 {[%emt 0:00:31] OK} 17. dxe5 Bc6 {[%emt 0:01:08][%cal Od5d4] Zwart is zwak op de donkere velden} 18. Qd4 Ng7 19. Be2 {[%emt 0:04:30] OK} O-O 20. h4 f4 {[%emt 0:03:03] Fout (0.9)} (20... a5 21. a3 Rfc8) 21. g4 $18 {[%emt 0:01:34] Beste (Gemakkelijk)} (21. gxf4 $2 {slaat de verkeerde figuur.} Nf5 22. O-O-O Nxd4 $19) (21. Qxf4 Qc7 22. Qd2 Qxe5 $16) ({Minder sterk is} 21. Bxf4 Nf5 22. Qb4 d4 $16) 21... f3 $2 {[%emt 0:04:34] pakt misschien beter uit. Fout (2.2)} (21... a6 22. a4 b5) 22. Bd1 {[%emt 0:04:37] Onnauwkeurig} Bb5 23. Rh3 {[%emt 0:00:53][%cal Oh4h5] h5! zou dodelijk zijn.} Be2 {[%emt 0:01:33] OK} 24. Bxe2 {[%emt 0:00:57] OK} fxe2 25. Kxe2 b5 26. Rd1 {[%emt 0:04:37][%cal Ba1d1,Bd1d3,Bd3c3][%mdl 32] EV=11.07. OK} Rac8 {[%emt 0:00:22] OK} 27. b3 {[%emt 0:02:41] Tegen Rc4. En nu zou Rdd3 winnen.} b4 {[%emt 0:01:31] was nodig. Fout (1.2)} (27... Qc7 28. Kf1 b4 29. cxb4 Qb7) 28. Rdd3 {[%emt 0:02:18] OK} (28. cxb4 Rc2+ 29. Rd2 Rc1) 28... bxc3 {[%emt 0:00:35] OK} 29. Rxc3 Qb7 30. Rxc8 {[%emt 0:01:56] OK} Rxc8 31. Rc3 {[%emt 0:01:14] met als doel voor Rxc8+. Actief tegenspel! OK} Qa6+ $2 {[%emt 0:02:49] is een betere verdediging. Fout (2.5)} (31... Rf8 32. Kf1 a5) 32. Ke1 {[%emt 0:01:35] OK. Wit is duidelijk aan het winnen.} Rxc3 33. Qxc3 {[%emt 0:00:09][%mdl 4096] Eindspel. KQB-KQN} Qb7 {[%emt 0:00:03] Remt Qc7. OK} 34. Qc5 {[%emt 0:01:29] OK} a6 35. Qd6 {[%emt 0:00:53] OK} Kf7 36. Kf1 {[%emt 0:01:55] OK} Qc8 37. Kg2 {[%emt 0:00:44] Zwart moet nu b4 voorkomen.} Qb7 {[%emt 0:01:28] Fout (3.2)} (37... a5 $142 38. Kg1 Kg8) 38. Kg3 Qc8 39. b4 g5 40. Bxg5 Qc3+ 41. Kg2 {[%emt 0:35:58] Qe7+ zou dodelijk zijn nu.} Qc4 42. Qe7+ Kg8 43. Qd8+ Kf7 44. Qf6+ Kg8 45. Bh6 Qxg4+ 46. Kh2 d4 (46... Qg6 $142 47. Bxg7 Qxg7 48. Qxe6+ Qf7 49. Qxf7+ (49. Qxa6 Qf4+ 50. Kg1 Qg4+ 51. Kf1 Qd1+ 52. Kg2 Qg4+ 53. Kf1 Qd1+ 54. Kg2 Qg4+ 55. Kf1 $11) 49... Kxf7) {White should consider playing} 47. Qxg7+ $2 {[%emt 0:00:00][%mdl 32768] Zwart voelde zich onwel na de opening.   Blunder waarde: Wit=0.20 (precies) /Zwart=0.70. Gemiste overwinning (7.1).  Gemiste overwinning: 	Wit=1      	---        Fout:        	---       	Zwart=7      Onnauwkeurig:    	Wit=1      	---        OK:         	Wit=12     	Zwart=9      Beste:        	Wit=1      	---        Sterk:        	Wit=1      	---       . Verliest op tijd!?} (47. a4 $18 d3 48. b5) 1-0

[Event "BL 2024-25"]
[Site "Austria"]
[Date "2024.10.13"]
[Round "5.29"]
[White "Steindl, Johannes"]
[Black "Hartl, Daniel"]
[Result "0-1"]
[Annotator "RC"]
[ECO "C78"]
[WhiteElo "2225"]
[BlackElo "2248"]
[PlyCount "66"]
[EventDate "2024.08.28"]
[EventType "team-tourn"]
[EventCountry "AUT"]
[SourceTitle "playchess.com"]
[Source "ChessBase"]
[SourceQuality "1"]
[WhiteTeam "Ottakring"]
[BlackTeam "Maria Saal"]
[TimeControl "40/5400+30:1800+30"]

1. e4 e5 2. Nf3 Nc6 3. Bb5 a6 4. Ba4 Nf6 5. O-O b5 6. Bb3 Bc5 7. a4 Rb8 8. c3 d6 9. d4 Bb6 10. a5 Ba7 11. Be3 O-O 12. h3 exd4 13. cxd4 Nb4 14. Ng5 Qe7 15. Nc3 Bb7 16. e5 Nfd5 17. Qh5 h6 18. Nce4 dxe5 19. dxe5 Bxe3 20. fxe3 c5 21. Rxf7 Rxf7 22. Nxf7 Qxf7 23. Qxf7+ Kxf7 24. Nxc5 Kg6 25. Rd1 Nxe3 26. Rd6+ Kf5 27. Kf2 Nc4 28. Bxc4 bxc4 29. Rb6 Nd3+ 30. Nxd3 cxd3 31. e6 d2 32. Ke2 Rd8 33. g4+ Ke5 0-1

[Event "BL 2024-25"]
[Site "Austria"]
[Date "2024.10.13"]
[Round "5.30"]
[White "Stallinger, Vanessa"]
[Black "Hoegl, Emanuel"]
[Result "0-1"]
[Annotator "RC"]
[ECO "B13"]
[WhiteElo "1871"]
[BlackElo "2134"]
[PlyCount "70"]
[EventDate "2024.08.28"]
[EventType "team-tourn"]
[EventCountry "AUT"]
[SourceTitle "playchess.com"]
[Source "ChessBase"]
[SourceQuality "1"]
[WhiteTeam "Maria Saal"]
[BlackTeam "Ottakring"]
[TimeControl "40/5400+30:1800+30"]

1. e4 c6 2. c4 d5 3. exd5 cxd5 4. cxd5 Nf6 5. Nc3 Nxd5 6. Nf3 Nc6 7. d4 Bf5 8. a3 e6 9. Bb5 Nxc3 10. bxc3 Qa5 11. Qb3 Bd6 12. O-O O-O 13. Bb2 Qb6 14. Qa4 a6 15. Bxc6 Qxb2 16. Bd7 Rfd8 17. Ne5 Bc2 18. Qc4 Bxe5 19. Bxe6 Bxh2+ 20. Kxh2 fxe6 21. Qxe6+ Kh8 22. Rac1 Qxc3 23. Rfe1 Qd2 24. Qf7 Rf8 25. Qxb7 Qf4+ 26. Kh1 Qh4+ 27. Kg1 Qxf2+ 28. Kh2 Qh4+ 29. Kg1 Qxd4+ 30. Kh2 Rab8 31. Qe7 Bg6 32. Rcd1 Qf4+ 33. Kh1 Rbe8 34. Qd6 Rxe1+ 35. Rxe1 Qxd6 0-1

[Event "BL 2024-25"]
[Site "Austria"]
[Date "2024.10.13"]
[Round "5.31"]
[White "Abasov, Nijat"]
[Black "Nguyen, Thai Dai Van"]
[Result "1/2-1/2"]
[Annotator "TA"]
[ECO "E17"]
[WhiteElo "2619"]
[BlackElo "2663"]
[PlyCount "82"]
[EventDate "2024.08.28"]
[EventType "team-tourn"]
[EventCountry "AUT"]
[SourceTitle "playchess.com"]
[Source "ChessBase"]
[SourceQuality "1"]
[WhiteTeam "Feffernitz"]
[BlackTeam "Mistelbach"]
[TimeControl "40/5400+30:1800+30"]

1. c4 e6 2. Nf3 Nf6 3. g3 d5 4. Bg2 Be7 5. O-O O-O 6. b3 b6 7. d4 Bb7 8. Bb2 Nbd7 9. Ne1 Qb8 10. Nc3 Rd8 11. cxd5 Nxd5 12. Nxd5 Bxd5 13. e4 Bb7 14. Nd3 Bf6 15. Qe2 c5 16. dxc5 Bxb2 17. Qxb2 Ba6 18. Rfd1 Bxd3 19. Rxd3 Nxc5 20. Rd2 Rxd2 21. Qxd2 Qd8 22. Rd1 Qxd2 23. Rxd2 $11 {[%emt 0:00:03][%mdl 4096] Endgame. KRB-KRN} Kf8 24. b4 {[%emt 0:04:28][%cal Oe4e5] [#] Threatens to win with e5!} Na6 $1 25. a3 Rc8 26. Rd7 Rc1+ 27. Bf1 Nc7 $1 28. Kg2 Ke8 {[%emt 0:00:35] Repels Rd8+} 29. Rd2 Ke7 30. Be2 Rc3 31. Rd3 {[%emt 0:00:15] The position is equal.} Nb5 32. Rxc3 $1 Nxc3 {[%emt 0:01:06] KB-KN} 33. Kf3 Kd6 {[%emt 0:02:12] [#] Hoping for ...Ke5.} 34. Ke3 $1 Kc6 {[%emt 0:08:10] aiming for ...Nxe2.} 35. Bd3 Nb5 36. a4 Nc3 37. Bc2 b5 38. a5 $1 Na2 39. e5 Nxb4 40. Bxh7 Kd7 41. Be4 {[%emt 0:31:41] Black must now prevent Kd4.} Nc6 {[%emt 0:05:43] An uneventful encounter.   Weighted Error Value: White=0.03 (flawless) /Black=0.03 (flawless) .  Inaccurate:     	White=1     	---        OK:         	White=14    	Black=14     Best:        	White=3     	Black=2      Strong:       	White=3     	Black=2} 1/2-1/2

[Event "BL 2024-25"]
[Site "Austria"]
[Date "2024.10.13"]
[Round "5.32"]
[White "Pechac, Jergus"]
[Black "Karthik Venkataraman"]
[Result "1/2-1/2"]
[Annotator "TA"]
[ECO "B33"]
[WhiteElo "2582"]
[BlackElo "2581"]
[PlyCount "61"]
[EventDate "2024.08.28"]
[EventType "team-tourn"]
[EventCountry "AUT"]
[SourceTitle "playchess.com"]
[Source "ChessBase"]
[SourceQuality "1"]
[WhiteTeam "Mistelbach"]
[BlackTeam "Feffernitz"]
[TimeControl "40/5400+30:1800+30"]

1. e4 c5 2. Nf3 Nc6 3. d4 cxd4 4. Nxd4 Nf6 5. Nc3 e5 6. Ndb5 d6 7. Bg5 a6 8. Na3 b5 9. Nab1 Be7 10. Bxf6 Bxf6 11. a4 b4 12. Nd5 O-O 13. Bc4 Be6 14. O-O Bg5 15. Qd3 {[%emt 0:04:10] The position is equal.} Na5 16. Ba2 Qb8 17. Nd2 Nb7 18. Qe2 ({But not} 18. Nxb4 Nc5 19. Qc3 Bxa2 (19... Nxa4 20. Qa3 $11) 20. Nxa2 Nxa4 $15) 18... Nc5 19. a5 Bxd2 20. Qxd2 b3 (20... Nxe4 $11 21. Qxb4 Qxb4 22. Nxb4 Rab8) 21. Bxb3 $14 Nxe4 22. Qc1 Qb7 23. Nb6 Rad8 24. Bxe6 $1 fxe6 25. c4 d5 26. f3 Nf6 27. Qe3 e4 28. fxe4 Nxe4 {[%emt 0:01:02] [#]} (28... d4 $11 {remains equal.} 29. Qh3 Qxe4) 29. Rxf8+ $1 $16 Rxf8 30. cxd5 (30. Re1 $16) 30... exd5 $14 31. Rd1 {[%emt 0:00:05] Weighted Error Value: White=0.12 (very precise) /Black=0.14 (very precise) .  Mistake:       	White=1     	Black=2      Inaccurate:     	White=2     	Black=1      OK:         	White=9     	Black=8      Best:        	White=1     	---        Strong:       	White=2     	---} 1/2-1/2

[Event "BL 2024-25"]
[Site "Austria"]
[Date "2024.10.13"]
[Round "5.33"]
[White "Ghosh, Diptayan"]
[Black "Kraus, Tomas"]
[Result "1/2-1/2"]
[Annotator "RC"]
[ECO "D35"]
[WhiteElo "2566"]
[BlackElo "2461"]
[PlyCount "51"]
[EventDate "2024.08.28"]
[EventType "team-tourn"]
[EventCountry "AUT"]
[SourceTitle "playchess.com"]
[Source "ChessBase"]
[SourceQuality "1"]
[WhiteTeam "Feffernitz"]
[BlackTeam "Mistelbach"]
[TimeControl "40/5400+30:1800+30"]

1. d4 d5 2. c4 e6 3. Nc3 Nf6 4. cxd5 exd5 5. Bg5 c6 6. e3 h6 7. Bh4 Be7 8. Bd3 Ne4 9. Bxe7 Qxe7 10. Bxe4 dxe4 11. Nge2 O-O 12. Ng3 f5 13. O-O Be6 14. f3 exf3 15. Rxf3 Na6 16. Qd2 Nc7 17. Raf1 Rae8 18. b3 Rf7 19. Nce2 Nd5 20. Nf4 Nxf4 21. Rxf4 a6 22. R4f3 Ref8 23. R3f2 Re8 24. Rf3 Ref8 25. R3f2 Re8 26. Rf3 1/2-1/2

[Event "BL 2024-25"]
[Site "Austria"]
[Date "2024.10.13"]
[Round "5.34"]
[White "Stalmach, Richard"]
[Black "Kunin, Vitaly"]
[Result "1-0"]
[Annotator "TA"]
[ECO "A35"]
[WhiteElo "2433"]
[BlackElo "2528"]
[PlyCount "84"]
[EventDate "2024.08.28"]
[EventType "team-tourn"]
[EventCountry "AUT"]
[SourceTitle "playchess.com"]
[Source "ChessBase"]
[SourceQuality "1"]
[WhiteTeam "Mistelbach"]
[BlackTeam "Feffernitz"]
[TimeControl "40/5400+30:1800+30"]

1. Nf3 c5 2. c4 Nc6 3. Nc3 g6 4. e3 d6 5. d4 Bg4 6. d5 Ne5 7. Be2 Nxf3+ 8. Bxf3 {[%emt 0:05:31] White is slightly better.} Bxf3 9. Qxf3 Bg7 10. e4 Nf6 11. O-O O-O 12. Bg5 h6 13. Bd2 a6 14. Qd3 {[%emt 0:00:28] White is more active.} Qd7 15. a4 e5 16. dxe6 Qxe6 17. Rae1 Ng4 (17... Rad8 $142) 18. Nd5 $16 Rab8 {[%emt 0:06:37] [#]} (18... Be5 $16 {is a better defense.}) 19. b3 (19. f4 $1 $18 {Threatens to win with Bc3.} b5 (19... Bd4+ $2 20. Kh1 $18) 20. axb5 (20. cxb5 axb5 21. axb5 Nf6 $18) 20... axb5 21. cxb5) 19... Ne5 20. Qg3 {[%emt 0:17:37] Black must now prevent f4.} g5 {[%emt 0:07:43] This move loses the game for Black.} (20... Nc6 $16 {keeps fighting.}) 21. f4 $18 gxf4 22. Rxf4 ({Resist} 22. Bxf4 $6 Kh7 23. Kh1 Qg6 $16) 22... Kh7 23. Rf5 Rh8 $2 (23... b5 24. Nf4 Qd7) 24. Ref1 {[%emt 0:01:42] [#] Hoping for Nf6+.} Kg8 (24... Qg6 $142 25. Qh3 b5) 25. Nf4 Qe7 26. Nh5 Ng6 27. Nxg7 Kxg7 28. Bc3+ Kg8 29. Rxf7 {[%emt 0:00:27] Black is weak on the dark squares} Qxf7 30. Rxf7 Kxf7 31. Qxd6 Rhg8 32. Qd5+ Ke7 33. Qxc5+ Ke8 34. Bf6 Kf7 35. e5 Nf4 {[%emt 0:00:49] Against Qd5+} 36. Qe7+ Kg6 37. g3 Kf5 38. Qd7+ Ke4 39. Kf2 Nd3+ 40. Ke2 Nb4 41. Qh7+ Kd4 42. e6+ Kc5 {[%emt 0:00:11] Weighted Error Value: White=0.20 (precise) /Black=0.53.  Loses game:     	---       	Black=1      Mistake:       	White=1     	Black=4      Inaccurate:     	---       	Black=1      OK:         	White=8     	Black=7      Best:        	White=2     	---} 1-0

[Event "BL 2024-25"]
[Site "Austria"]
[Date "2024.10.13"]
[Round "5.35"]
[White "Pajeken, Jakob Leon"]
[Black "Haba, Petr"]
[Result "1/2-1/2"]
[Annotator "TA"]
[ECO "D27"]
[WhiteElo "2423"]
[BlackElo "2422"]
[PlyCount "76"]
[EventDate "2024.08.28"]
[EventType "team-tourn"]
[EventCountry "AUT"]
[SourceTitle "playchess.com"]
[Source "ChessBase"]
[SourceQuality "1"]
[WhiteTeam "Feffernitz"]
[BlackTeam "Mistelbach"]
[TimeControl "40/5400+30:1800+30"]

1. d4 Nf6 2. Nf3 d5 3. c4 e6 4. Nc3 dxc4 5. e3 a6 6. a4 c5 7. Bxc4 Nc6 8. O-O Be7 9. Qe2 O-O 10. Rd1 Qc7 11. dxc5 Bxc5 12. b3 b6 13. Bb2 Bb7 14. Rac1 Rfd8 15. Rxd8+ Qxd8 16. h3 Na5 {[%emt 0:08:02] Black has an edge.} 17. Nd2 Nxc4 18. Nxc4 Qe7 19. Rd1 Rd8 (19... Qc7 {looks sharper.} 20. Qd3 Be7 21. Qd4 Rd8) 20. Rxd8+ Qxd8 21. Ne5 h6 22. Nd3 (22. Qd3 {feels hotter.} Nd5 23. Ne4 Be7 24. Qd4) 22... Be7 {[%emt 0:04:03] A strong pair of Bishops.} 23. e4 Nd7 24. Nb1 Bf6 (24... Qc7 $17 25. Kh1 b5 26. axb5 axb5) 25. Nd2 Bxb2 26. Nxb2 Nc5 {[%emt 0:00:04] Wards off Qd3} 27. b4 Qd4 28. bxc5 Qxb2 29. cxb6 Qxb6 $15 {[%emt 0:00:08][%mdl 4096] Endgame. KQB-KQN} 30. Qc4 {[%emt 0:01:35] Wards off Qd4} Qb2 31. Nf1 a5 32. Ng3 Qb1+ 33. Kh2 {[%emt 0:00:22] The position is equal.} Qb4 34. Qc7 g6 35. Qb8+ Kg7 36. Qe5+ Kg8 37. Qb8+ Kg7 38. Qe5+ Kg8 {[%emt 0:02:39] Weighted Error Value: White=0.07 (flawless) /Black=0.10 (very precise) .  Mistake:       	---       	Black=1      Inaccurate:     	White=3     	Black=2      OK:         	White=11    	Black=12     Best:        	White=1     	---} 1/2-1/2

[Event "BL 2024-25"]
[Site "Austria"]
[Date "2024.10.13"]
[Round "5.36"]
[White "Bures, Jaroslav"]
[Black "Brunello, Sabino"]
[Result "1/2-1/2"]
[Annotator "TA"]
[ECO "D26"]
[WhiteElo "2407"]
[BlackElo "2514"]
[PlyCount "61"]
[EventDate "2024.08.28"]
[EventType "team-tourn"]
[EventCountry "AUT"]
[SourceTitle "playchess.com"]
[Source "ChessBase"]
[SourceQuality "1"]
[WhiteTeam "Mistelbach"]
[BlackTeam "Feffernitz"]
[TimeControl "40/5400+30:1800+30"]

1. d4 d5 2. c4 dxc4 3. Nf3 Nf6 4. Nc3 a6 5. e3 e6 6. Bxc4 b5 7. Be2 Bb7 8. O-O {[%emt 0:02:40] The position is equal.} Nbd7 9. b3 c5 10. Bb2 Be7 11. dxc5 Nxc5 12. b4 Ncd7 13. a4 bxa4 14. Qxa4 O-O 15. Rfd1 Qe8 16. h3 Nb6 17. Qxe8 Rfxe8 18. Na4 Nxa4 19. Rxa4 Nd5 20. b5 axb5 21. Bxb5 Rxa4 22. Bxa4 Ra8 23. Ra1 Bf6 24. Rb1 Rxa4 25. Bxf6 Rb4 26. Rxb4 Nxb4 27. Bc3 Bxf3 28. Bxb4 Bc6 29. f4 h5 30. h4 f6 31. g3 {[%emt 0:00:48] An interesting draw.   Weighted Error Value: White=0.02 (flawless) /Black=0.01 (flawless) .  OK:         	White=11    	Black=13     Best:        	White=1     	---} 1/2-1/2